 Dungeon Crawl Stone Soup version 0.20-a0-513-g02c11fc (webtiles) character file.

11662 HallandMoats the Basher (level 11, -13/102 HPs)
             Began as a Minotaur Fighter on Jan 23, 2017.
             Was an Elder of Okawaru.
             Killed by nerve-wracking pain
             ... invoked by a shadow imp
              (14 damage)
             ... on level 11 of the Dungeon.
             The game lasted 00:23:41 (10449 turns).

HallandMoats the Basher (Minotaur Fighter)         Turns: 10449, Time: 00:23:41

Health: -13/102    AC: 10    Str: 24    XL:     11   Next: 52%
Magic:  11/11      EV: 13    Int:  5    God:    Okawaru [****..]
Gold:   543        SH: 13    Dex: 12    Spells: 10/10 levels left

rFire    . . .     SeeInvis .   s - +3 whip (distort)
rCold    . . .     Gourm    .   b - +0 scale mail
rNeg     . . .     Faith    .   C - +3 shield
rPois    .         Spirit   .   x - +0 hat
rElec    .         Reflect  .   G - +0 cloak
rCorr    .         Harm     +   (no gloves)
MR       .....     Clarity  +   (no boots)
Stlth    +.........             E - amulet of harm
Regen    0.3/turn               (no ring)
                                v - ring of flight

@: no status effects
A: retaliatory headbutt, horns 2, camouflage 1, blink, clarity, strong 1
a: Blink, Heroism, Renounce Religion, Evoke Flight


You were on level 11 of the Dungeon.
You worshipped Okawaru.
Okawaru was greatly pleased with you.
You were not hungry.

You visited 2 branches of the dungeon, and saw 12 of its levels.
You also visited: Ossuary.

You collected 543 gold pieces.

Inventory:

Hand Weapons
 s - a +3 whip of distortion (weapon)
Armour
 b - a +0 scale mail (worn)
 x - a +0 hat (worn)
 C - a +3 shield (worn)
 G - a +0 cloak (worn)
Jewellery
 v - a ring of flight (left hand)
 E - an amulet of harm (around neck)
Wands
 l - a wand of enslavement (18/24)
 y - a wand of acid (3/15)
Scrolls
 g - 2 scrolls of fog
 i - a scroll of amnesia
 j - 8 scrolls of identify
 k - 3 scrolls of teleportation
 o - 5 scrolls of remove curse
 q - 4 scrolls of enchant weapon
 r - 3 scrolls of recharging
 B - a scroll of brand weapon {unknown}
 F - a scroll of immolation {unknown}
Potions
 d - 2 potions of flight
 h - 3 potions of curing
 m - 3 potions of lignification
 n - 2 potions of haste
 t - 3 potions of magic
 u - a potion of invisibility
 A - 2 potions of ambrosia {unknown}
 H - a potion of resistance {unknown}
 I - a potion of heal wounds {unknown}
Books
 e - a book of Minor Magic

   Spells                             Type                      Level
   a - Magic Dart                     Conjuration                  1
   b - Blink                          Translocation                2
   c - Call Imp                       Summoning                    2
   d - Repel Missiles                 Charms/Air                   2
   e - Slow                           Hexes                        2
   f - Conjure Flame                  Conjuration/Fire             3
   g - Mephitic Cloud                 Conjuration/Poison/Air       3
 D - a book of Power

   Spells                             Type                      Level
   a - Fulminant Prism                Conjuration/Hexes            4
   b - Iskenderun's Mystic Blast      Conjuration                  4
   c - Venom Bolt                     Conjuration/Poison           5
   d - Bolt of Magma                  Conjuration/Fire/Earth       5
   e - Iron Shot                      Conjuration/Earth            6
   f - Orb of Destruction             Conjuration                  7
   g - Spellforged Servitor           Conjuration/Summoning        7
Miscellaneous
 c - a fan of gales
Comestibles
 a - 14 chunks of flesh
 f - 12 bread rations
 p - 5 fruits
 w - 6 meat rations
 z - 22 royal jellies


   Skills:
 * Level 11.0 Fighting
 * Level 11.1 Maces & Flails
 * Level 11.1 Armour
 * Level 9.8 Dodging
 - Level 4.3 Shields
 + Level 2.6 Invocations
 + Level 2.4 Evocations


You had 10 spell levels left.
You didn't know any spells.

Dungeon Overview and Level Annotations

Branches:
Dungeon (11/15)            Temple (1/1) D:5            Lair (0/6) D:9
    Orc (0/2) D:11

Altars:
Ashenzari
Cheibriados
Dithmenos
Elyvilon
Fedhas
Gozag
Hepliaklqana
Kikubaaqudgha
Makhleb
Nemelex Xobeh
Okawaru
Qazlal
Ru
Sif Muna
Trog
Uskayaw
Vehumet
Xom
Yredelemnul
Zin
The Shining One
Beogh

Annotations:
D:11 Psyche
Abyss:1 Joseph


Innate Abilities, Weirdness & Mutations

You reflexively headbutt those who attack you in melee.
You have a pair of horns on your head.
Your skin changes colour to match your surroundings (Stealth+).
You can translocate small distances at will.
You possess an exceptional clarity of mind.
Your muscles are strong. (Str +2)


Message History

You see here an amethyst potion.
I - an amethyst potion You block the shadow imp's attack.
You feel sick. The orc wizard casts a spell at you.
The magic dart hits something.
The orc wizard mumbles some strange words.
The orc wizard flickers and vanishes!
The shadow imp completely misses you.
You feel like a meek peon again.
You feel sick.
Cornered, the scorpion turns to fight!
Something hits you but does no damage. Space warps horribly around you!
* * * LOW HITPOINT WARNING * * *
Okay, then.
You feel better. Something hits you.
* * * LOW HITPOINT WARNING * * *
Space bends around you.
* * * LOW HITPOINT WARNING * * *
The shadow imp gestures at you. Pain shoots through your body!
You die...

...............>...#
...................#
.......$......)##..#
...............)#{#
##<...........)...#####
.....................)#
##)...................#
#.....^........{5....#
#..(...........@...s.#
#รท...............#####
.##..............##
.................#
.................#
.###.###.........# .
#..# #.........# #.##
#.........# #.#
.........


You could see a scorpion and a shadow imp.

Vanquished Creatures
  2 two-headed ogres (D:8)
  A death yak (D:8)
  A queen bee (D:10)
  3 trolls
  Grinder (D:5)
  A hippogriff (D:7)
  Sigmund (D:2)
  Eustachio (D:5)
  4 hogs (D:8)
  A human (D:8)
  The ghost of tony the Shooter, an amateur CeAM (D:3)
  3 orc warriors
  2 ice beasts
  3 porcupines (D:9)
  A necrophage (D:8)
  A sky beast (D:5)
  A phantom (D:6)
  An eye of draining (D:8)
  6 ogres
  6 centaurs
  A big kobold (D:9)
  A gnoll sergeant (D:8)
  An elf zombie (Ossuary)
  3 bullfrogs
  A wyvern skeleton (D:10)
  2 scorpions
  22 killer bees (D:10)
  2 electric eels (D:7)
  5 howler monkeys
  4 crimson imps
  A centaur zombie (Ossuary)
  A quasit (D:8)
  A bullfrog zombie (D:8)
  A gnoll shaman (D:4)
  4 hounds
  6 jellies
  6 orc wizards
  9 orc priests
  2 centaur skeletons
  An iguana (D:9)
  4 worker ants
  3 hell rats (D:9)
  A killer bee zombie (D:7)
  A big kobold zombie (Ossuary)
  A hound zombie (D:5)
  A hound skeleton (D:4)
  5 adders
  11 gnolls
  An adder skeleton (D:9)
  An adder zombie (D:5)
  5 worms
  2 dart slugs
  6 leopard geckos
  58 orcs
  2 giant cockroaches
  4 goblins
  9 hobgoblins
  6 jackals
  4 quokkas
  7 bats
  9 frilled lizards
  5 goblin zombies (Ossuary)
  7 hobgoblin zombies (Ossuary)
  A jackal zombie (Ossuary)
  13 kobolds
  12 kobold zombies (Ossuary)
  6 orc zombies (Ossuary)
  3 quokka skeletons
  8 rats
311 creatures vanquished.

Vanquished Creatures (others)
  2 death yaks (D:9)
  A two-headed ogre (D:6)
  An orc warrior (D:9)
  2 phantoms
  A scorpion (D:10)
  A killer bee (D:10)
  A bullfrog zombie (D:9)
  A human zombie (Ossuary)
  An orc priest (D:4)
  A hound (D:8)
  2 orc wizards
  A worker ant (D:8)
  A big kobold zombie (Ossuary)
  2 mummies (Ossuary)
  A gnoll (D:8)
  A worm (D:5)
  3 orcs
23 creatures vanquished.

Grand Total: 334 creatures vanquished

Notes
Turn   | Place    | Note
-------+----------+-------------------------------------------
     0 | D:1      | HallandMoats the Minotaur Fighter began the quest for the Orb.
     0 | D:1      | Reached XP level 1. HP: 19/19 MP: 0/0
   357 | D:1      | Reached XP level 2. HP: 25/27 MP: 1/1
   632 | D:2      | Reached skill level 1 in Dodging
  1152 | D:2      | Reached XP level 3. HP: 26/33 MP: 2/2
  1337 | D:2      | Noticed Sigmund
  1345 | D:2      | Killed Sigmund
  1345 | D:2      | Reached XP level 4. HP: 9/41 MP: 3/3
  1345 | D:2      | Reached XP level 5. HP: 11/47 MP: 4/4
  2178 | D:3      | Reached skill level 5 in Armour
  2199 | D:3      | Reached XP level 6. HP: 55/55 MP: 5/5
  2284 | D:3      | Noticed tony's ghost (amateur CeAM)
  2355 | D:3      | Killed tony's ghost
  2355 | D:3      | Reached skill level 5 in Fighting
  2715 | D:4      | Reached skill level 5 in Maces & Flails
  2715 | D:4      | Reached XP level 7. HP: 61/61 MP: 6/6
  2898 | D:4      | Found an ancient bone altar of Kikubaaqudgha.
  3007 | D:5      | Entered Level 5 of the Dungeon
  3024 | D:5      | Found a sand-covered staircase.
  3040 | Ossuary  | Entered an ossuary
  3342 | D:5      | Gained mutation: You can translocate small distances at will. [mutagenic meat]
  3343 | D:5      | Gained mutation: Your skin changes colour to match your surroundings (Stealth+). [mutagenic meat]
  3344 | D:5      | Gained mutation: You are agile. (Dex +2) [mutagenic meat]
  3345 | D:5      | Lost mutation: You are agile. (Dex +2) [mutagenic meat]
  3346 | D:5      | Gained mutation: Your muscles are strong. (Str +2) [mutagenic meat]
  3347 | D:5      | Gained mutation: You possess an exceptional clarity of mind. [mutagenic meat]
  3390 | D:5      | Noticed Grinder
  3396 | D:5      | Killed Grinder
  3396 | D:5      | Reached skill level 5 in Dodging
  3396 | D:5      | Reached XP level 8. HP: 66/71 MP: 7/7
  3462 | D:5      | Noticed Eustachio
  3479 | D:5      | Killed Eustachio
  3601 | D:5      | Found a staircase to the Ecumenical Temple.
  3615 | Temple   | Entered the Ecumenical Temple
  3803 | Temple   | Became a worshipper of Warmaster Okawaru
  4291 | D:5      | Found a snail-covered altar of Cheibriados.
  4696 | D:6      | Noticed a troll
  4710 | D:6      | Killed a troll
  4710 | D:6      | Reached * piety under Okawaru
  4826 | D:6      | Noticed a two-headed ogre
  4827 | D:6      | Banished a two-headed ogre
  4827 | D:6      | Reached XP level 9. HP: 73/81 MP: 8/8
  4908 | D:6      | Found a shimmering altar of Xom.
  4908 | D:6      | Found a shadowy altar of Dithmenos.
  4908 | D:6      | Found a glowing silver altar of Zin.
  6506 | D:7      | Reached ** piety under Okawaru
  6523 | D:8      | Noticed a two-headed ogre
  7117 | D:8      | Noticed a two-headed ogre
  7132 | D:8      | Killed a two-headed ogre
  7132 | D:8      | Reached XP level 10. HP: 77/91 MP: 9/9
  7186 | D:8      | Killed a two-headed ogre
  7186 | D:8      | Reached *** piety under Okawaru
  7326 | D:8      | Found a hazy altar of Hepliaklqana.
  7626 | D:8      | Noticed a cyclops
  7648 | D:8      | Reached skill level 10 in Armour
  7656 | D:8      | Reached skill level 10 in Fighting
  7666 | D:8      | Reached **** piety under Okawaru
  8030 | D:8      | Reached skill level 10 in Maces & Flails
  8304 | D:9      | Found a sacrificial altar of Ru.
  8437 | D:9      | Found a roughly hewn altar of Beogh.
  8523 | D:9      | Noticed a death yak
  8526 | D:9      | Noticed a death yak
  8541 | D:9      | Noticed a death yak
  8572 | D:8      | Killed a death yak
  8572 | D:8      | Reached skill level 1 in Invocations
  8572 | D:8      | Reached skill level 1 in Evocations
  8572 | D:8      | Reached XP level 11. HP: 35/101 MP: 6/10
  8860 | D:9      | Banished a death yak
  8928 | D:9      | Banished a death yak
  9054 | D:9      | Found a staircase to the Lair.
  9351 | D:10     | Entered Level 10 of the Dungeon
  9912 | D:10     | Noticed Joseph
  9918 | D:10     | Banished Joseph
 10420 | D:11     | Found a staircase to the Orcish Mines.
 10422 | D:11     | Noticed Psyche
 10437 | D:11     | Noticed a two-headed ogre
 10449 | D:11     | HP: 1/102 [something (6)]
 10449 | D:11     | Killed from afar by a shadow imp

Vault maps used:
D:1:      mrwooster_arrival_statue_2
D:2:      hex_large, uniq_sigmund
D:4:      lemuel_crystal_altar, first_bread
D:5:      wad_river_or_something, cheibrodos_worm_habitat,
          nicolae_ossuary_entry_ruins, uniq_grinder, uniq_eustachio
D:6:      gammafunk_temple_overflow_claw
D:7:      kennysheep_cross_room
D:8:      nicolae_overflow_crystal_walls, grunt_livestock
D:9:      old_standard_altar, dpeg_lair_monsters
D:10:     special_room, uniq_joseph
D:11:     minmay_orc_entry_temple_small, uniq_psyche
Temple:   eino_temple_water
Ossuary:  ossuary_tomb_1

Skill      XL: |  1  2  3  4  5  6  7  8  9 10 11 |
---------------+----------------------------------+-----
Dodging        | 1 2 3 5 6 8 9 |  9.8
Armour         | 4 5 6 8 9 10 11 | 11.1
Fighting       | 4 5 6 7 9 10 11 | 11.0
Maces & Flails | 3 4 5 6 7 9 10 11 | 11.1
Shields        | 4 |  4.3
Invocations    | 1 2 |  2.6
Evocations     | 1 2 |  2.4

Action                   |  1- 3 |  4- 6 |  7- 9 | 10-12 || total
-------------------------+-------+-------+-------+-------++-------
Melee: Flail             |    40 |       |       |       ||    40
       Headbutt          |     9 |    19 |    69 |    87 ||   184
       Whip              |    17 |   109 |   322 |   400 ||   848
Invok: Heroism           |       |       |       |    26 ||    26
Evoke: Wand              |       |       |       |     3 ||     3
  Use: Potion            |     1 |     1 |     3 |     3 ||     8
       Scroll            |       |       |    15 |     5 ||    20
 Stab: Invisible         |       |       |       |     4 ||     4
  Eat: Chunk             |     1 |     5 |    18 |     9 ||    33
       Fruit             |       |       |     1 |     3 ||     4
Armor: Scale mail        |    18 |    39 |    68 |    46 ||   171
Dodge: Dodged            |     8 |    28 |    88 |   130 ||   254
Block: Shield            |    22 |    42 |   118 |   218 ||   400
